General information
- name: BNet
- type: Ladder team game (AT/RT)
- host: Battle.net
- saver: BLOODMAGE-BOY
map: Deadlands
- players: 8
- length: 27:31
- speed: Fast
- version: 1.26 W3XP
- replay type: Public
» download(168 KB)
Players
team 1 (winner)

»
J-Man34 (
teal | 52 APM | 1016 actions | 19:23)
4 Keeper of the Grove
2 Entangling Roots
2 Thorns Aura
» actions
| Basic commands | 31 | |
| Build / train | 37 | |
| Enter build submenu | 15 | |
| Enter hero's abilities submenu | 4 | |
| Right click | 428 | |
| Select / deselect | 458 | |
| Use ability | 43 | |
1016 total
» units
| Wisp | 12 | |
| Archer | 10 | |
| Mountain Giant | 5 | |
27 total
» upgrades
| Strength of the Wild | 2 | |
| Reinforced Hides | 2 | |
4 total
» buildings
| Altar of Elders | 1 | |
| Moon Well | 8 | |
| Ancient of War | 1 | |
| Tree of Ages | 1 | |
| Hunter's Hall | 1 | |
| Ancient of Wonders | 1 | |
| Ancient of Lore | 2 | |
15 total
» build order
00:06 Altar of Elders
00:09 Moon Well
00:24 Ancient of War
01:53 Moon Well
03:11 Moon Well
03:13 Moon Well
04:36 Tree of Ages
05:32 Hunter's Hall
05:39 Ancient of Wonders
07:37 Ancient of Lore
07:42 Ancient of Lore
07:55 Moon Well
08:04 Moon Well
13:47 Moon Well
13:52 Moon Well
BLOODMAGE-BOY (
pink | 61 APM | 1673 actions | 27:31)
7 Blood Mage
3 Flame Strike
3 Siphon Mana
1 Summon Phoenix
» actions
| Assign group hotkey | 143 | |
| Basic commands | 36 | |
| Build / train | 66 | |
| Enter build submenu | 15 | |
| Enter hero's abilities submenu | 7 | |
| Give item / drop item | 3 | |
| Right click | 652 | |
| Select / deselect | 170 | |
| Select group hotkey | 479 | |
| Use ability | 102 | |
1673 total
» units
| Peasant | 8 | |
| Footman | 6 | |
| Sorceress | 12 | |
26 total
» upgrades
| Lumber Harvesting | 1 | |
| Sorceress Training | 2 | |
| Masonry | 2 | |
5 total
» buildings
| Altar of Kings | 1 | |
| Barracks | 1 | |
| Farm | 6 | |
| Scout Tower | 7 | |
| Arcane Vault | 1 | |
| Arcane Tower | 3 | |
| Keep | 1 | |
| Lumber Mill | 1 | |
| Arcane Sanctum | 2 | |
| Guard Tower | 2 | |
| Castle | 1 | |
26 total
» build order
00:15 Altar of Kings
00:26 Barracks
00:41 Farm
00:56 Farm
01:40 Scout Tower
01:47 Farm
02:09 Arcane Vault
02:14 Arcane Tower
03:57 Keep
04:28 Farm
05:17 Scout Tower
05:18 Scout Tower
05:20 Scout Tower
05:32 Lumber Mill
05:53 Arcane Tower
06:31 Arcane Sanctum
07:25 Arcane Sanctum
07:30 Guard Tower
08:44 Castle
10:13 Scout Tower
10:14 Scout Tower
10:15 Scout Tower
11:15 Guard Tower
12:18 Farm
» items
| Scroll of Regeneration | 3 | |
| Lesser Clarity Potion | 3 | |
| Scroll of Town Portal | 2 | |
| Potion of Mana | 5 | |
| Potion of Invisibility | 2 | |
| Potion of Lesser Invulnerability | 1 | |
| Staff of Teleportation | 1 | |
| Potion of Healing | 1 | |
18 total

»
Yeah13uddy (
blue | 37 APM | 903 actions | 24:40)
5 Blademaster
2 Wind Walk
3 Critical Strike
» actions
| Build / train | 53 | |
| Enter build submenu | 38 | |
| Enter hero's abilities submenu | 5 | |
| Give item / drop item | 4 | |
| Right click | 432 | |
| Select / deselect | 268 | |
| Use ability | 103 | |
903 total
» units
| Peon | 8 | |
| Wind Rider | 6 | |
| Goblin Shredder | 1 | |
| Troll Batrider | 13 | |
28 total
» upgrades
| Ranged Weapons | 3 | |
| Armor | 3 | |
| Spiked Barricades | 3 | |
| Reinforced Defenses | 1 | |
10 total
» buildings
| Altar of Storms | 1 | |
| Orc Burrow | 5 | |
| Voodoo Lounge | 1 | |
| Stronghold | 1 | |
| War Mill | 1 | |
| Beastiary | 2 | |
| Great Hall | 3 | |
| Watch Tower | 25 | |
| Fortress | 1 | |
40 total
» build order
00:12 Altar of Storms
00:16 Orc Burrow
00:38 Voodoo Lounge
02:07 Stronghold
02:58 War Mill
03:20 Orc Burrow
04:03 Orc Burrow
04:32 Beastiary
04:36 Beastiary
06:37 Great Hall
06:50 Great Hall
08:26 Orc Burrow
10:14 Watch Tower
10:55 Orc Burrow
10:57 Fortress
13:41 Great Hall
15:01 Watch Tower
15:04 Watch Tower
15:07 Watch Tower
15:15 Watch Tower
15:43 Watch Tower
15:47 Watch Tower
16:13 Watch Tower
19:30 Watch Tower
19:34 Watch Tower
19:38 Watch Tower
19:45 Watch Tower
19:53 Watch Tower
20:00 Watch Tower
20:23 Watch Tower
20:27 Watch Tower
20:31 Watch Tower
20:36 Watch Tower
21:02 Watch Tower
21:45 Watch Tower
21:55 Watch Tower
23:01 Watch Tower
23:06 Watch Tower
23:10 Watch Tower
23:15 Watch Tower
» items
| Healing Salve | 2 | |
| Circlet of Nobility | 1 | |
| Orb of Lightning | 1 | |
| Potion of Healing | 2 | |
| Potion of Mana | 1 | |
7 total

»
Les_Barbares (
red | 32 APM | 690 actions | 21:21)
4 Dreadlord
1 Vampiric Aura
2 Carrion Swarm
1 Sleep
1 Crypt Lord
1 Impale
» actions
| Assign group hotkey | 21 | |
| Basic commands | 13 | |
| Build / train | 66 | |
| ESC pressed | 1 | |
| Enter build submenu | 18 | |
| Enter hero's abilities submenu | 5 | |
| Remove unit from queue | 1 | |
| Right click | 172 | |
| Select / deselect | 232 | |
| Select group hotkey | 122 | |
| Use ability | 38 | |
690 total
» units
| Acolyte | 10 | |
| Ghoul | 9 | |
| Crypt Fiend | 11 | |
| Necromancer | 12 | |
42 total
» upgrades
| Creature Attack | 1 | |
| Creature Carapace | 1 | |
| Web | 1 | |
| Necromancer Training | 2 | |
| Skeletal Longevity | 1 | |
| Unholy Strength | 1 | |
| Skeletal Mastery | 1 | |
8 total
» buildings
| Ziggurat | 6 | |
| Altar of Darkness | 1 | |
| Crypt | 1 | |
| Nerubian Tower | 2 | |
| Graveyard | 1 | |
| Tomb of Relics | 1 | |
| Halls of the Dead | 1 | |
| Spirit Tower | 3 | |
| Temple of the Damned | 3 | |
| Black Citadel | 1 | |
| Sacrificial Pit | 1 | |
21 total
» build order
00:12 Ziggurat
00:19 Altar of Darkness
00:45 Crypt
01:05 Nerubian Tower
01:30 Graveyard
01:42 Ziggurat
02:14 Tomb of Relics
02:46 Nerubian Tower
05:29 Halls of the Dead
05:32 Ziggurat
06:48 Spirit Tower
06:57 Ziggurat
08:01 Spirit Tower
08:18 Temple of the Damned
08:23 Temple of the Damned
09:50 Temple of the Damned
10:03 Ziggurat
14:23 Black Citadel
15:58 Spirit Tower
16:18 Ziggurat
16:35 Sacrificial Pit
» items
team 2 (loser)

»
still_stickin (
orange | 104 APM | 2852 actions | 27:30)
7 Mountain King
3 Storm Bolt
2 Bash
1 Avatar
1 Thunder Clap
» actions
| Assign group hotkey | 62 | |
| Basic commands | 75 | |
| Build / train | 115 | |
| ESC pressed | 4 | |
| Enter build submenu | 38 | |
| Enter hero's abilities submenu | 8 | |
| Give item / drop item | 4 | |
| Remove unit from queue | 2 | |
| Right click | 935 | |
| Select / deselect | 569 | |
| Select group hotkey | 944 | |
| Use ability | 95 | |
2852 total
» units
| Peasant | 44 | |
| Rifleman | 7 | |
| Priest | 5 | |
| Sorceress | 5 | |
61 total
» upgrades
| Gunpowder | 1 | |
| Armor | 1 | |
| Sorceress Training | 2 | |
| Priest Training | 2 | |
| Magic Sentry | 1 | |
| Masonry | 3 | |
10 total
» buildings
| Altar of Kings | 1 | |
| Farm | 8 | |
| Blacksmith | 1 | |
| Lumber Mill | 1 | |
| Barracks | 2 | |
| Scout Tower | 24 | |
| Arcane Vault | 2 | |
| Keep | 2 | |
| Town Hall | 2 | |
| Arcane Sanctum | 3 | |
| Arcane Tower | 13 | |
| Castle | 1 | |
| Guard Tower | 10 | |
70 total
» build order
00:10 Altar of Kings
00:21 Farm
00:38 Blacksmith
01:02 Farm
01:18 Lumber Mill
02:13 Barracks
02:34 Barracks
03:10 Farm
03:11 Farm
03:24 Scout Tower
05:17 Farm
05:21 Arcane Vault
05:25 Arcane Vault
05:37 Keep
05:57 Farm
07:38 Town Hall
08:56 Arcane Sanctum
09:04 Arcane Sanctum
09:05 Arcane Sanctum
11:33 Arcane Tower
11:39 Scout Tower
11:48 Castle
12:08 Scout Tower
12:09 Arcane Tower
12:25 Farm
13:05 Farm
13:31 Guard Tower
16:05 Scout Tower
16:06 Scout Tower
16:15 Scout Tower
16:17 Scout Tower
16:36 Guard Tower
16:38 Arcane Tower
16:40 Scout Tower
16:42 Scout Tower
17:03 Arcane Tower
17:05 Guard Tower
17:08 Scout Tower
17:11 Guard Tower
17:13 Arcane Tower
20:57 Scout Tower
20:58 Scout Tower
21:00 Scout Tower
21:02 Scout Tower
21:03 Scout Tower
21:04 Scout Tower
21:06 Scout Tower
21:06 Scout Tower
21:07 Scout Tower
21:46 Guard Tower
21:47 Arcane Tower
21:48 Arcane Tower
21:50 Arcane Tower
21:51 Arcane Tower
21:54 Scout Tower
21:57 Scout Tower
22:00 Scout Tower
22:02 Scout Tower
22:04 Scout Tower
22:05 Arcane Tower
22:06 Guard Tower
22:07 Guard Tower
22:23 Arcane Tower
22:27 Guard Tower
22:38 Arcane Tower
22:42 Guard Tower
25:12 Arcane Tower
25:23 Guard Tower
25:27 Town Hall
» items
| Scroll of Regeneration | 1 | |
| Boots of Speed | 1 | |
| Potion of Mana | 1 | |
| Lesser Clarity Potion | 1 | |
| Scroll of Town Portal | 3 | |
7 total
JPS89 (
yellow | 37 APM | 1016 actions | 27:30)
6 Death Knight
2 Death Coil
3 Unholy Aura
1 Animate Dead
4 Dreadlord
2 Vampiric Aura
1 Sleep
1 Carrion Swarm
» actions
| Basic commands | 24 | |
| Build / train | 80 | |
| Enter build submenu | 18 | |
| Enter hero's abilities submenu | 10 | |
| Remove unit from queue | 1 | |
| Right click | 560 | |
| Select / deselect | 288 | |
| Use ability | 35 | |
1016 total
» units
| Acolyte | 27 | |
| Ghoul | 2 | |
| Crypt Fiend | 11 | |
| Gargoyle | 15 | |
55 total
» upgrades
| Creature Carapace | 2 | |
| Creature Attack | 2 | |
| Web | 1 | |
5 total
» buildings
| Altar of Darkness | 1 | |
| Ziggurat | 7 | |
| Crypt | 2 | |
| Graveyard | 2 | |
| Tomb of Relics | 1 | |
| Spirit Tower | 3 | |
| Halls of the Dead | 2 | |
| Nerubian Tower | 1 | |
19 total
» build order
00:09 Altar of Darkness
00:11 Ziggurat
00:47 Crypt
01:29 Graveyard
01:34 Graveyard
01:57 Ziggurat
02:39 Crypt
04:12 Ziggurat
04:24 Tomb of Relics
05:14 Spirit Tower
07:08 Ziggurat
08:21 Ziggurat
08:44 Halls of the Dead
08:45 Halls of the Dead
10:36 Spirit Tower
10:38 Ziggurat
10:48 Ziggurat
10:52 Spirit Tower
13:40 Nerubian Tower
» items
veritas7 (
purple | 34 APM | 934 actions | 27:30)
8 Paladin
3 Holy Light
3 Devotion Aura
1 Divine Shield
1 Resurrection
» actions
| Assign group hotkey | 71 | |
| Build / train | 73 | |
| Enter build submenu | 28 | |
| Enter hero's abilities submenu | 8 | |
| Right click | 468 | |
| Select / deselect | 205 | |
| Select group hotkey | 30 | |
| Use ability | 51 | |
934 total
» units
| Peasant | 30 | |
| Footman | 4 | |
| Gryphon Rider | 8 | |
42 total
» upgrades
| Swords | 3 | |
| Armor | 3 | |
| Lumber Harvesting | 2 | |
| Storm Hammers | 1 | |
| Animal War Training | 1 | |
| Masonry | 3 | |
| Gunpowder | 2 | |
| Plating | 2 | |
17 total
» buildings
| Farm | 12 | |
| Altar of Kings | 1 | |
| Barracks | 1 | |
| Blacksmith | 1 | |
| Lumber Mill | 1 | |
| Keep | 1 | |
| Town Hall | 2 | |
| Castle | 1 | |
| Gryphon Aviary | 3 | |
| Scout Tower | 4 | |
| Guard Tower | 3 | |
30 total
» build order
00:31 Farm
00:51 Altar of Kings
00:59 Barracks
01:11 Farm
01:58 Blacksmith
02:04 Lumber Mill
03:07 Keep
03:11 Farm
03:56 Farm
05:25 Town Hall
05:38 Castle
06:11 Gryphon Aviary
06:17 Gryphon Aviary
06:24 Scout Tower
06:28 Scout Tower
07:12 Scout Tower
07:16 Scout Tower
07:25 Gryphon Aviary
08:11 Guard Tower
08:13 Guard Tower
09:04 Farm
09:19 Guard Tower
10:04 Farm
12:41 Farm
14:04 Farm
14:09 Farm
15:28 Farm
15:45 Town Hall
22:08 Farm
23:24 Farm
Peralia (
green | 28 APM | 781 actions | 27:30)
5 Mountain King
2 Storm Bolt
2 Bash
1 Thunder Clap
4 Paladin
2 Devotion Aura
2 Holy Light
» actions
| Assign group hotkey | 67 | |
| Build / train | 67 | |
| ESC pressed | 1 | |
| Enter build submenu | 26 | |
| Enter hero's abilities submenu | 9 | |
| Right click | 251 | |
| Select / deselect | 201 | |
| Select group hotkey | 116 | |
| Use ability | 43 | |
781 total
» units
| Peasant | 12 | |
| Footman | 14 | |
| Knight | 20 | |
46 total
» upgrades
| Swords | 3 | |
| Animal War Training | 1 | |
| Plating | 3 | |
7 total
» buildings
| Altar of Kings | 1 | |
| Farm | 13 | |
| Barracks | 2 | |
| Arcane Vault | 1 | |
| Keep | 1 | |
| Blacksmith | 1 | |
| Scout Tower | 3 | |
| Town Hall | 2 | |
| Lumber Mill | 1 | |
| Castle | 1 | |
26 total
» build order
00:04 Altar of Kings
00:08 Farm
00:47 Farm
01:02 Barracks
01:34 Farm
02:13 Barracks
02:35 Farm
03:17 Farm
03:58 Farm
04:38 Arcane Vault
05:56 Keep
06:05 Blacksmith
07:25 Scout Tower
07:28 Scout Tower
08:18 Town Hall
08:36 Farm
08:51 Scout Tower
09:02 Lumber Mill
10:14 Castle
10:35 Farm
11:27 Farm
17:17 Farm
17:59 Farm
19:45 Farm
20:26 Farm
22:13 Town Hall
» items
Chat log
(00:20 / All) JPS89: who wants to play doctor with me
(00:28 / All) Yeah13uddy: i dont thanks
(00:46 / All) BLOODMAGE-BOY: how do u play it
(00:54 / All) JPS89: you press alt qq
(00:59 / All) JPS89: quick
(01:04 / All) JPS89: it gives you bonus
(01:16 / All) Yeah13uddy: damn didnt work wtf
(01:22 / All) JPS89: Press it quick
(01:23 / Allies) Les_Barbares: hahaha
(01:32 / All) Yeah13uddy: i did nothing happend
(02:01 / All) Yeah13uddy: oh wait yes a picture of your mom sucking my cock poped up
(02:03 / All) JPS89: the 0l alt qq trick
(02:16 / All) JPS89: you mean your mom sucking my cock with a dildo in her ass
(02:19 / All) JPS89: ??
(03:05 / All) Yeah13uddy: my moms dead so thats just gross
(03:14 / All) still_stickin: necrophilia is awesome dude
(03:20 / All) JPS89: definatly
(07:53 / Allies) BLOODMAGE-BOY: i used to be godly at taking items from lesser players, not sure what is wrong with me
(08:18 / Allies) Yeah13uddy: not a lesser player pimp
(08:46 / Allies) Yeah13uddy: go
(08:48 / Allies) Yeah13uddy: all
(08:51 / Allies) Les_Barbares: WAKE UPO GUYS
(12:05 / Allies) Les_Barbares: back a bit im coming
(12:12 / Allies) Les_Barbares: or not...
(14:09 / All) still_stickin: your fucking annoying pink lol
(14:12 / All) BLOODMAGE-BOY: lawl
(14:14 / All) BLOODMAGE-BOY: ty ty
(14:57 / Allies) Yeah13uddy: out
(15:54 / Allies) BLOODMAGE-BOY: control my sorcs at my base if u want
(16:27 / All) JPS89: wow pink ur so pro
(16:31 / All) BLOODMAGE-BOY: lawl
(16:35 / All) JPS89: wish i had mh like u dude
(16:37 / All) BLOODMAGE-BOY: ive gone 50-10 doing this before
(16:47 / All) JPS89: well ur aboutta go 50-11
(17:02 / Allies) J-Man34: Help...
(17:12 / All) BLOODMAGE-BOY: i could tell my team was gonn lose
(19:30 / All) still_stickin: u suck pink
(19:39 / All) JPS89: sure does
(19:40 / All) JPS89: Lol
(19:44 / All) BLOODMAGE-BOY: my harass is godly
(19:56 / All) still_stickin: had your sorcs been in your first attack you guys might have won
(20:10 / All) JPS89: and he still harasses
(20:11 / All) JPS89: L)L
(20:11 / All) BLOODMAGE-BOY: i dont try to win so it doesnt bother me
(20:15 / All) JPS89: stfu kid
(20:17 / All) JPS89: u suck
(20:30 / All) Les_Barbares: yea we played a bad game
(20:31 / All) BLOODMAGE-BOY: my brother is the best 4v4rter ever in kodos_Forsaken, he would own u guys hard
(20:42 / All) JPS89: thats your brother?
(20:49 / All) JPS89: your hot trash
(20:51 / All) still_stickin: your brother?? u mean the guy who is 128-140 ? oh yeh solid 4v4 record
(21:00 / All) BLOODMAGE-BOY: he loses games intentionally u clown
(21:09 / All) JPS89: l0l
(21:10 / All) still_stickin: oih yeh i would too
(21:16 / All) BLOODMAGE-BOY: u would never know about being too high an ell though
(21:16 / All) JPS89: roflroflrfol
(21:21 / All) BLOODMAGE-BOY: i doubt you even know what ell is
(21:21 / All) JPS89: Just leave u suck pink
(21:34 / All) still_stickin: nope
(22:14 / All) BLOODMAGE-BOY: i am honestly a pro at 4v4
(22:19 / All) still_stickin: i see that
(22:23 / All) JPS89: u honestly suck
(22:42 / All) BLOODMAGE-BOY: level 7 through 100% harassing and no fighting
(22:55 / All) still_stickin: congratz, that means your team carried you
(23:02 / All) still_stickin: or noobs on toher team left
(23:08 / All) JPS89: an they sucked just as bad as u
(23:22 / All) BLOODMAGE-BOY: ill make sure to tell big brother about you guys
(23:30 / All) still_stickin: you do that you fucking homo
(24:44 / All) JPS89: leave nigger
(24:46 / All) JPS89: u suck
(25:51 / All) JPS89: lawl
(26:01 / All) BLOODMAGE-BOY: im not kidding, i am a god of 4v4
(26:16 / All) still_stickin: oh yeh i dont doubt it
(27:13 / All) BLOODMAGE-BOY: this game had no business being 40 min long,
(27:22 / All) JPS89: stfu u suck